 Dungeon Crawl Stone Soup version 0.17-a0-2098-gf59d6bc (webtiles) character file.

215 brucemayne the Cleaver (level 5, -1/45 HPs)
             Began as a Hill Orc Berserker on Oct 17, 2015.
             Was a Believer of Trog.
             Slain by a black bear (5 damage)
             ... on level 4 of the Dungeon.
             The game lasted 00:05:47 (1015 turns).

brucemayne the Cleaver (Hill Orc Berserker)         Turns: 1015, Time: 00:05:47

Health: -1/45      AC:  8    Str: 21    XL:     5   Next: 92%
Magic:  5/5        EV:  8    Int:  7    God:    Trog [**....]
Gold:   56         SH:  0    Dex: 10    Spells: 0 memorised, 4 levels left

rFire  . . .     SeeInvis .     a - +0 hand axe
rCold  . . .     Clarity  .     g - +0 chain mail
rNeg   . . .     SustAt   .     (no shield)
rPois  .         Gourm    .     (no helmet)
rElec  .         Spirit   .     (no cloak)
rCorr  .         Warding  .     (no gloves)
rMut   .         Stasis   .     (no boots)
MR     ++...                    l - amulet of faith
Stlth  ..........               (no ring)
                                (no ring)

@: regenerating, very resistant to hostile enchantments, extremely unstealthy
A: no striking features
a: Burn Spellbooks, Berserk, Trog's Hand, Renounce Religion


You were on level 4 of the Dungeon.
You worshipped Trog.
Trog was pleased with you.
You were not hungry.

You visited 1 branch of the dungeon, and saw 5 of its levels.

You collected 56 gold pieces.

Inventory:

Hand Weapons
 a - a +0 hand axe (weapon)
 j - a +1 war axe
 q - a +0 war axe
Armour
 b - a +0 animal skin
 f - a +0 leather armour
 g - a +0 chain mail (worn)
 k - a +0 scale mail
Jewellery
 l - an amulet of faith (around neck)
 o - an uncursed ring of teleportation
Scrolls
 d - 3 scrolls of fear
Potions
 m - a potion of ambrosia {unknown}
 n - a potion of resistance {unknown}
 p - a potion of flight {unknown}
 r - a potion of might {unknown}
Comestibles
 c - a bread ration
 i - 4 meat rations
 s - a chunk of flesh


   Skills:
 - Level 3.6 Fighting
 + Level 8.4 Axes
 - Level 2.1 Armour
 - Level 1.5 Dodging


You had 4 spell levels left.
You didn't know any spells.

Dungeon Overview and Level Annotations

Branches:
Dungeon (5/15)
 Temple: D:4-7

Altars:
Gozag
Makhleb

Annotations:
D:4 Grinder


Message History

You closely miss the black bear.
The black bear is almost dead.
The black bear barely misses you. The black bear claws you.
The black bear claws you.
You hit the black bear.
The black bear is almost dead.
The black bear bites you.
* * * LOW HITPOINT WARNING * * *
The black bear claws you.
* * * LOW HITPOINT WARNING * * *
The black bear claws you but does no damage.
Use which ability?
Your skin crawls.
You feel resistant to hostile enchantments.
You feel slightly more hungry. The black bear bites you!
* * * LOW HITPOINT WARNING * * *
The black bear closely misses you.
The black bear claws you but does no damage.
The black bear barely misses you. The black bear claws you.
You die...

#. #.#### # #.^..# .
######....#.# ..
....#....#.# #..
#.........#.##
##..##..##.........
##........##@#
#..........#h######
#.......S..zZ....w..
#...$....#.########
.#........#.#
.......>....#
....?......##
.#[.......##
##..##..##


You could see a black bear (berserk), a wight and a ball python skeleton.

Vanquished Creatures
  A centaur zombie (D:5)
  2 hounds (D:5)
  A worker ant (D:5)
  3 gnolls (D:2)
  2 adders
  A worm (D:4)
  4 giant geckos
  4 orcs (D:3)
  2 bats
  6 goblins
  4 hobgoblins
  5 jackals
  3 kobolds
  2 giant cockroaches
  3 giant newts
  3 rats (D:1)
46 creatures vanquished.

Notes
Turn   | Place    | Note
--------------------------------------------------------------
     0 | D:1      | brucemayne the Hill Orc Berserker began the quest for the Orb.
     0 | D:1      | Reached XP level 1. HP: 19/19 MP: 1/1
   111 | D:1      | Reached XP level 2. HP: 4/26 MP: 2/2
   128 | D:1      | HP: 1/26 [giant gecko (1)]
   136 | D:1      | Reached skill level 5 in Axes
   368 | D:2      | Reached XP level 3. HP: 16/31 MP: 3/3
   375 | D:2      | Found an opulent altar of Gozag.
   430 | D:2      | Reached ** piety under Trog
   432 | D:2      | Reached skill level 6 in Axes
   455 | D:1      | Reached XP level 4. HP: 28/39 MP: 4/4
   803 | D:5      | Entered Level 5 of the Dungeon
   843 | D:5      | Reached skill level 7 in Axes
   880 | D:5      | Reached XP level 5. HP: 30/45 MP: 5/5
   896 | D:5      | Found a burning altar of Makhleb.
   917 | D:5      | Reached skill level 8 in Axes
   982 | D:4      | Noticed a black bear
   982 | D:4      | Noticed Grinder
  1015 | D:4      | Slain by a black bear

Vault maps used:
D:1:      dpeg_arrival_boxes_within_box, feat_on_display
D:2:      grunt_gozag_breadcrumbs
D:3:      vehumet_crystals, okawaru_metal_pillars_1_2, uniq_terence
D:4:      first_bread, st_stairs_5, uniq_grinder
D:5:      nicolae_overflow_hidden_temple, tgw_sif, makhleb_blood_cavern_becter,
          portal_sewer_entry_e, serial_shops, shop_fountains

Action                   |  1- 3 |  4- 6 || total
-------------------------+-------+-------++-------
Melee: Hand axe          |    60 |   103 ||   163
Invok: Berserk           |     4 |     2 ||     6
       Trog's Hand       |       |     3 ||     3
  Use: Scroll            |     1 |     8 ||     9
       Potion            |       |     1 ||     1
  Eat: Fruit             |     1 |     1 ||     2
       Chunk             |       |     4 ||     4
       Beef jerky        |       |     1 ||     1
